 Dungeon Crawl Stone Soup version 0.19-a0-1740-g0bcaf2e (webtiles) character file.

17 Amnesiac the Digger (level 2, -1/19 HPs)
             Began as a Mummy Earth Elementalist on Oct 1, 2016.
             Slain by an orc
             ... wielding a +4 hand axe
              (5 damage)
             ... on level 3 of the Dungeon.
             The game lasted 00:01:47 (822 turns).

Amnesiac the Digger (Mummy Earth Elementalist)       Turns: 822, Time: 00:01:48

Health: -1/19      AC:  2    Str: 11    XL:     2   Next: 44%
Magic:  0/5        EV: 12    Int: 14    God:
Gold:   53         SH:  0    Dex: 12    Spells: 1 memorised, 4 levels left

rFire  x . .     SeeInvis .     b - 4 stones
rCold  + . .     Gourm    .     c - +0 robe
rNeg   + + +     Faith    .     (no shield)
rPois  ∞         Spirit   .     (no helmet)
rElec  .         Dismiss  .     (no cloak)
rCorr  .         Reflect  .     (no gloves)
MR     .....     Harm     .     (no boots)
Stlth  ++........               (no amulet)
                                (no ring)
                                (no ring)

@: no status effects
A: no food or potions, fire vulnerability, cold resistance 1, negative energy
resistance 3, torment resistance, unbreathing
a: no special abilities


You were on level 3 of the Dungeon.
You were not hungry.

You visited 1 branch of the dungeon, and saw 3 of its levels.

You collected 53 gold pieces.

Inventory:

Hand Weapons
 g - a +0 dagger
Missiles
 b - 4 stones (in hand)
Armour
 c - a +0 robe (worn)
Scrolls
 a - a scroll of teleportation {unknown}
 e - 2 scrolls of identify {unknown}
 f - a scroll of noise {unknown}
Books
 d - a book of Geomancy

   Spells                             Type                      Level
   a - Sandblast                      Earth                        1
   b - Passwall                       Transmutation/Earth          2
   c - Stone Arrow                    Conjuration/Earth            3
   d - Petrify                        Transmutation/Earth          4
   e - Lee's Rapid Deconstruction     Earth                        5


   Skills:
 - Level 1.5 Dodging
 - Level 1.5 Stealth
 - Level 2.0 Spellcasting
   Level 0.7 Transmutations
 + Level 3.2 Earth Magic


You had 4 spell levels left.
You knew the following spells:

 Your Spells              Type           Power        Failure   Level  Hunger
f - Sandblast             Erth           ##....       10%         1    N/A

Dungeon Overview and Level Annotations

Branches:
Dungeon (3/15)

Altars:


Innate Abilities, Weirdness & Mutations

You do not eat or drink.
Your flesh is vulnerable to fire.
You are immune to poison.
Your flesh is cold resistant. (rC+)
You are immune to negative energy. (rN+++)
You are immune to unholy pain and torment.
You can survive without breathing.


Message History

Aim: an orc, wielding an enchanted hand axe and wearing a chain mail (moderately wounded)
The rocky blast hits the orc.
The orc is heavily wounded.
The orc barely misses you.
Unknown command.
Press: ? - help, v - describe, . - travel
Here: an orc, wielding an enchanted hand axe and wearing a chain mail (heavily wounded)
The floor.
Casting: Sandblast
Confirm with . or Enter, or press ? or * to list all spells.
Aiming: Sandblast
Press: ? - help, Shift-Dir - straight line, f/p - orc
Aim: an orc, wielding an enchanted hand axe and wearing a chain mail (heavily wounded)
The rocky blast misses the orc.
The orc hits you with an enchanted hand axe.
* * * LOW HITPOINT WARNING * * *
Unknown command.
You see here a spear.
The orc hits you with an enchanted hand axe.
You die...

#.# ##########.♣†
#.############............
#.......................♣.
#.........................
#.............##+####'#.♣.
#..........)..##.# #.#...
#######.............##%#
#.#...
#<....#.........o...##.#
#.....
#####.#........@....##.#
######
#.#.............##.#
#.#.............##.#
####.#.............##.#
#....#.............##.#
#.##.########'#+#.....#
#.###########.# #.#####
#.....).......# #.#
##############..#.#


You could see an orc.

Vanquished Creatures
  A dart slug (D:3)
  An orc (D:3)
  A ball python (D:3)
  A bat (D:3)
  A giant cockroach (D:3)
  A goblin (D:3)
  2 hobgoblins (D:2)
  2 kobolds (D:3)
  3 rats
13 creatures vanquished.

Notes
Turn   | Place    | Note
-------+----------+-------------------------------------------
     0 | D:1      | Amnesiac the Mummy Earth Elementalist began the quest for the Orb.
     0 | D:1      | Reached XP level 1. HP: 13/13 MP: 3/3
   592 | D:3      | Reached XP level 2. HP: 19/19 MP: 3/5
   593 | D:3      | Reached skill level 3 in Earth Magic
   822 | D:3      | Slain by an orc

Vault maps used:
D:1:      matt_arrival_diagonals
D:3:      serial_forest, infiniplex_forest_corner_2,
          infiniplex_forest_clump_diagonal, infiniplex_forest_straight_2,
          infiniplex_forest_lined_room_3, infiniplex_forest_lined_room_,
          infiniplex_forest_clump_tiny, infiniplex_forest_lined_room_3,
          first_bread

Skill      XL: |  1  2 |
---------------+-------+-----
Earth Magic    | 3 |  3.2
Dodging        | |  1.5
Stealth        | |  1.5
Spellcasting   | |  2.0
Transmutations | |  0.7

Action                   || total
-------------------------++-------
 Cast: Sandblast         ||    30
Armor: Robe              ||     2
Dodge: Dodged            ||     6
